 Dungeon Crawl Stone Soup version 0.28-a0-381-g937acc2988 (webtiles) character file.

Game seed: 13846529545841719990

189 frimble the Charlatan (level 5, -1/41 HPs)
             Began as a Gnoll Artificer on Sept 1, 2021.
             Slain by an orc priest (7 damage)
             ... on level 4 of the Dungeon.
             The game lasted 00:03:45 (4546 turns).

frimble the Charlatan (Gnoll Artificer)             Turns: 4546, Time: 00:03:45

Health: -1/41      AC:  4    Str: 11    XL:     5   Next: 68%
Magic:  7/7        EV: 12    Int: 12    God:
Gold:   170        SH:  0    Dex: 12    Spells: 7/7 levels left

rFire   . . .      SeeInvis .   p - +2 dagger (elec)
rCold   . . .      Faith    .   (no shield)
rNeg    . . .      Spirit   .   b - +1 leather armour
rPois   .          Reflect  .   (no helmet)
rElec   .          Harm     .   (no cloak)
rCorr   .          Rampage  .   (no gloves)
Will    .....                   (no boots)
Stlth   ++........              (no amulet)
HPRegen 0.13/turn               (no ring)
MPRegen 0.10/turn               (no ring)

@: no status effects
A: fangs 1, strong nose, distributed training
a: no special abilities


You were on level 4 of the Dungeon.
You visited 1 branch of the dungeon, and saw 4 of its levels.

You collected 170 gold pieces.

Inventory:

Hand Weapons
 a - a +0 club
 f - a +0 short sword
 j - a +0 rapier
 p - a +2 dagger of electrocution (weapon)
Missiles
 h - 4 poisoned darts (quivered)
Armour
 b - a +1 leather armour (worn)
Wands
 d - a wand of charming (14)
Scrolls
 m - a scroll of teleportation
 n - 2 scrolls of fog
Potions
 c - a potion of attraction
 g - a potion of ambrosia
 l - a potion of heal wounds {unknown}
 q - a potion of haste {unknown}
Miscellaneous
 e - a piece from Xom's chessboard (15/15)


   Skills:
 + Level 3.0 Fighting
 + Level 1.6 Short Blades
 + Level 1.6 Long Blades
 + Level 1.6 Axes
 + Level 1.6 Maces & Flails
 + Level 1.6 Polearms
 + Level 1.6 Staves
 + Level 1.6 Slings
 + Level 1.6 Bows
 + Level 1.6 Crossbows
 + Level 1.6 Throwing
 + Level 4.8 Armour
 + Level 3.0 Dodging
 + Level 2.8 Stealth
 + Level 1.6 Shields
 + Level 1.6 Unarmed Combat
 + Level 1.6 Spellcasting
 + Level 1.2 Conjurations
 + Level 1.2 Hexes
 + Level 1.2 Summonings
 + Level 1.2 Necromancy
 + Level 1.2 Translocations
 + Level 1.2 Transmutations
 + Level 1.2 Fire Magic
 + Level 1.2 Ice Magic
 + Level 1.2 Air Magic
 + Level 1.2 Earth Magic
 + Level 1.2 Poison Magic
 + Level 1.8 Invocations
 + Level 6.7 Evocations


You had 7 spell levels left.
You didn't know any spells.
Your spell library was empty.

Dungeon Overview and Level Annotations

Branches:
Dungeon (4/15)
 Temple: D:4-7

Altars:


Innate Abilities, Weirdness & Mutations

You have very sharp teeth.
Your uncanny sense of smell can sniff out nearby items.
Your experience applies equally to all skills.


Message History

Where to? (Enter - D:4, ? - help)
There is a stone staircase leading down here.
You climb downwards.
The orc priest hits you with a +0 hand axe.
There is a stone staircase leading up here.
You hit the orc priest.
The orc priest is moderately wounded.
The orc barely misses you.
The orc priest hits you with a +0 hand axe.
You completely miss the orc priest.
The orc priest is moderately wounded.
The orc hits you with a +0 club.
The orc priest hits you with a +0 hand axe.
You are too injured to fight recklessly!
You are too injured to fight recklessly!
You are too injured to fight recklessly!
You are too injured to fight recklessly!
You are too injured to fight recklessly!
You are too injured to fight recklessly!
You are too injured to fight recklessly!
You are too injured to fight recklessly!
You are too injured to fight recklessly!
You are too injured to fight recklessly!
You barely miss the orc priest.
The orc priest is moderately wounded.
The orc hits you with a +0 club.
The orc priest hits you with a +0 hand axe.
You hit the orc priest.
The orc priest is severely wounded.
The orc hits you with a +0 club.
The orc priest calls down the wrath of Beogh upon you.
Beogh smites you!
* * * LOW HITPOINT WARNING * * *
Okay, then.
Okay, then.
Unknown command.
It was a potion of magic.
Magic courses through your body. The orc closely misses you.
The orc priest hits you with a +0 hand axe!
You die...

#######+##
##o..##...##...
#@o8....8....8.
##...##...##...
#######.## ...
####


You could see an orc priest and an orc.

Vanquished Creatures
  Terence (D:3)
  An orc wizard (D:3)
  A gnoll (D:1)
  4 adders
  A white imp (D:3)
  An ufetubus (D:4)
  A dart slug (D:1)
  4 orcs (D:3)
  4 bats (D:1)
  8 endoplasms
  3 giant cockroaches (D:1)
  9 goblins
  5 hobgoblins
  10 kobolds
  2 quokkas
  6 ball pythons
  4 frilled lizards
  8 rats
73 creatures vanquished.

Vanquished Creatures (collateral kills)
  A frilled lizard (D:1)
  A rat (D:1)
2 creatures vanquished.

Vanquished Creatures (others)
  A goblin (D:1)
1 creature vanquished.

Grand Total: 76 creatures vanquished

Notes
Turn   | Place    | Note
-------+----------+-------------------------------------------
     0 | D:1      | frimble the Gnoll Artificer began the quest for the Orb.
     0 | D:1      | Reached XP level 1. HP: 17/17 MP: 1/1
   280 | D:1      | Reached XP level 2. HP: 23/23 MP: 2/2
   885 | D:1      | Reached XP level 3. HP: 28/28 MP: 3/3
  1387 | D:1      | Reached skill level 1 in Invocations
  2233 | D:2      | Reached skill level 1 in Short Blades
  2233 | D:2      | Reached skill level 1 in Long Blades
  2233 | D:2      | Reached skill level 1 in Axes
  2233 | D:2      | Reached skill level 1 in Maces & Flails
  2233 | D:2      | Reached skill level 1 in Polearms
  2233 | D:2      | Reached skill level 1 in Staves
  2233 | D:2      | Reached skill level 1 in Slings
  2233 | D:2      | Reached skill level 1 in Bows
  2233 | D:2      | Reached skill level 1 in Crossbows
  2233 | D:2      | Reached skill level 1 in Throwing
  2233 | D:2      | Reached skill level 1 in Shields
  2233 | D:2      | Reached skill level 1 in Unarmed Combat
  2233 | D:2      | Reached skill level 1 in Spellcasting
  2293 | D:2      | Found a faded altar of an unknown god.
  2316 | D:2      | Reached XP level 4. HP: 23/34 MP: 5/5
  2990 | D:3      | Reached skill level 1 in Conjurations
  2990 | D:3      | Reached skill level 1 in Hexes
  2990 | D:3      | Reached skill level 1 in Summonings
  2990 | D:3      | Reached skill level 1 in Necromancy
  2990 | D:3      | Reached skill level 1 in Translocations
  2990 | D:3      | Reached skill level 1 in Transmutations
  2990 | D:3      | Reached skill level 1 in Fire Magic
  2990 | D:3      | Reached skill level 1 in Ice Magic
  2990 | D:3      | Reached skill level 1 in Air Magic
  2990 | D:3      | Reached skill level 1 in Earth Magic
  2990 | D:3      | Reached skill level 1 in Poison Magic
  3214 | D:3      | Noticed Terence
  3240 | D:3      | Killed Terence
  3241 | D:3      | Reached XP level 5. HP: 26/40 MP: 5/7
  4546 | D:4      | Slain by an orc priest

Illustrated notes

Levels and vault maps discovered:
D:1:      psy_arrival_fountain, layout_basic, chequers_serial_rivers_small_3
D:2:      layout_rooms, ebering_ecumenical_altar_hall, hangedman_decor_growths
D:3:      minmay_chambers_of_twos, layout_loops_ring, minmay_misc_feat_chi,
          guppyfry_early_orc_mine, uniq_terence
D:4:      minmay_opposing_rooms, layout_basic, nicolae_overflow_hidden_temple,
          mainiacjoe_overflow_cross_hatched, minmay_misc_feat_diagonals,
          chequers_arboretum, grunt_ministairs_5

Skill      XL: |  1  2  3  4  5 |
---------------+----------------+-----
Invocations    | 1 |  1.8
Short Blades   | 1 |  1.6
Long Blades    | 1 |  1.6
Axes           | 1 |  1.6
Maces & Flails | 1 |  1.6
Polearms       | 1 |  1.6
Staves         | 1 |  1.6
Slings         | 1 |  1.6
Bows           | 1 |  1.6
Crossbows      | 1 |  1.6
Throwing       | 1 |  1.6
Shields        | 1 |  1.6
Unarmed Combat | 1 |  1.6
Spellcasting   | 1 |  1.6
Conjurations   | 1 |  1.2
Hexes          | 1 |  1.2
Summonings     | 1 |  1.2
Necromancy     | 1 |  1.2
Translocations | 1 |  1.2
Transmutations | 1 |  1.2
Fire Magic     | 1 |  1.2
Ice Magic      | 1 |  1.2
Air Magic      | 1 |  1.2
Earth Magic    | 1 |  1.2
Poison Magic   | 1 |  1.2
Fighting       | 3 |  3.0
Dodging        | 3 |  3.0
Armour         | |  4.8
Stealth        | |  2.8
Evocations     | |  6.7

Action                   |  1- 3 |  4- 6 || total
-------------------------+-------+-------++-------
Melee: Club              |   139 |       ||   139
       Bite              |    14 |    10 ||    24
       Short sword       |    20 |    52 ||    72
       Rapier            |       |    66 ||    66
       Dagger            |       |    18 ||    18
       Punch             |       |     1 ||     1
Throw: Dart              |       |     7 ||     7
Evoke: Wand              |    14 |     2 ||    16
       Piece from Xom's  |     1 |     1 ||     2
  Use: Scroll            |     2 |     8 ||    10
       Potion            |       |     1 ||     1
 Stab: Sleeping          |     3 |     5 ||     8
Armor: Leather armour    |    60 |    27 ||    87
Dodge: Dodged            |   131 |    77 ||   208

Table legend: (Time is in decaauts)
 A = Elapsed time spent in this place.
 B = Non-inter-level travel time spent in this place.
 C = Inter-level travel time spent in this place.
 D = Time resting spent in this place.
 E = Time spent auto-exploring this place.
 F = Levels seen in this place.
 G = Mean time per level.
                   A        B        C        D        E       F      G
               +--------+--------+--------+--------+--------+-----+--------+
         Total |   4596 |   4510 |     86 |      0 |   3793 |   4 | 1149.0 |
       Dungeon |   4596 |   4510 |     86 |      0 |   3793 |   4 | 1149.0 |
               +--------+--------+--------+--------+--------+-----+--------+

Top non-repeatable levels by time:
     D:1: 2262 daAuts
     D:3: 1548 daAuts
     D:2: 761 daAuts
     D:4: 24 daAuts
